 Dungeon Crawl Stone Soup version 0.31-a0-319-g4fced400ed (webtiles) character file.

Game seed: 16299138218369767005

118 LeprechaunX the Changeling (level 5, -1/34 HPs)
             Began as an Octopode Shapeshifter on July 17, 2023.
             Slain by an orc wizard
             ... wielding a +0 dagger
              (3 damage)
             ... on level 3 of the Dungeon.
             The game lasted 00:02:04 (1573 turns).

LeprechaunX the Changeling (Octopode Shapeshifter)  Turns: 1573, Time: 00:02:05

Health: -1/34      AC:  1    Str: 17    XL:     5   Next: 2%
Magic:  5/5        EV: 13    Int: 10    God:
Gold:   59         SH:  0    Dex: 12    Spells: 4/4 levels left

rFire   . .          .
                       - Unarmed
rCold   . . .        (no shield)
rNeg    . . .        (helmet currently unavailable)
rPois   .            (no amulet)
rElec   .            (no ring)
rCorr   .            (no ring)
SInv    .            (no ring)
Will    .....        (no ring)
Stlth   ++++         (no ring)
HPRegen 0.25/turn    (no ring)
MPRegen 0.09/turn    (no ring)
                     (no ring)

%: no passive effects
@: beast-form
A: beast (slay +2), almost no armour, amphibious, 8 rings, camouflage 1,
gelatinous body 1, nimble swimmer 1, tentacles
a: Begin Untransformation


You were on level 3 of the Dungeon.
You were a hulking beast.
You visited 1 branch of the dungeon, and saw 3 of its levels.

You collected 59 gold pieces.

Inventory:

Missiles
 p - 6 poisoned darts (quivered)
Talismans
 b - a beast talisman
 m - a storm talisman
Scrolls
 d - 2 scrolls of amnesia {unknown}
 f - a scroll of noise {unknown}
 j - a scroll of revelation {unknown}
 k - 2 scrolls of teleportation {unknown}
 n - a scroll of poison {unknown}
 o - 3 scrolls of identify {unknown}
Potions
 a - a potion of lignification
 c - 3 potions of enlightenment {unknown}
 e - a potion of mutation {unknown}
 g - 2 potions of might {unknown}
 h - a potion of berserk rage {unknown}
 i - a potion of cancellation {unknown}
 l - 3 potions of curing {unknown}
 q - a potion of heal wounds {unknown}
 r - a potion of brilliance {unknown}


   Skills:
 + Level 2.0 Fighting
 + Level 2.0 Dodging
 + Level 3.1 Stealth
 * Level 3.4 Unarmed Combat
 * Level 3.7 Shapeshifting


You had 4 spell levels left.
You didn't know any spells.
Your spell library contained the following spells:

 Spells                   Type           Power      Damage    Failure   Level
 Freeze                   Ice            0%         1d3       36%         1
 Frozen Ramparts          Ice            0%         1d1       75%         3
 Hailstorm                Conj/Ice       0%         3d3       75%         3


Dungeon Overview and Level Annotations

Branches:
Dungeon (3/15)

Altars:


Innate Abilities, Weirdness & Mutations

You are a hulking beast.
Your limbs bulge with bestial killing power. (Slay +2)
You cannot wear most types of armour.
You are amphibious.
You can wear up to eight rings at the same time.
Your skin changes colour to match your surroundings (Stealth+).
Your rubbery body absorbs attacks. (AC +1, EV +1)
You are camouflaged when in or above water. (Stealth+)
You have tentacles for arms and can constrict up to eight enemies at once.


Message History

You closely miss the orc wizard. Your grab misses the orc wizard.
The orc closely misses you.
The orc wizard hits you with a +0 dagger.
You tentacle-slap the orc wizard. Your grab misses the orc wizard.
Your squeeze misses the orc wizard.
The orc wizard is moderately wounded.
The orc barely misses you. The orc wizard closely misses you.
You tentacle-slap the orc wizard. You grab the orc wizard.
You squeeze the orc wizard, but do no damage.
The orc wizard is severely wounded.
You constrict the orc wizard.
The orc wizard splashes around in the water.
The orc closely misses you.
The orc wizard mumbles some strange words.
The orc wizard flickers and vanishes!
Deactivating autopickup; reactivate with Ctrl-A.
You barely miss the orc wizard.
The orc wizard is severely wounded.
You constrict the orc wizard.
The orc wizard hits you with a +0 dagger.
The orc hits you with a +0 short sword. Something hits you.
You closely miss something. Your squeeze misses something.
You constrict the orc wizard.
You kill the orc wizard!
You hear a splash. x2
The orc barely misses you. Something hits you.
Your Stealth skill increases to level 3!
You have reached level 5!
You feel stronger.
You tentacle-slap the orc. Your grab misses the orc. You tentacle-slap the orc.
You kill the orc!
You hear some strange, mumbled words.
A puff of flame appears from out of thin air!
The puff of flame hits you!
* * * LOW HITPOINT WARNING * * *
You closely miss something.
You are engulfed in a cloud of scalding steam.
* * * LOW HITPOINT WARNING * * *
The giant cockroach closely misses you. Something hits you.
You die...

#....$.....#
#..........##
##...........#
###............#
#...≈~~~.~≈~~~.#
....~≈≈~.~≈≈~~.#
#...≈≈≈B)~≈≈≈~.#
#...~~≈h{~≈≈~~.#
....~~§~......:#
#.........†~~~.#
#
....~~~~~.~≈≈~.#
#
....~~≈≈~.~≈~~.#
#
....~≈≈≈≈.~≈≈≈.#
#
....~~~~~.~~~~.##
#
................#
#
#####.#...##...#
#


You could see a giant cockroach.

Vanquished Creatures
  An orc wizard (D:3)
  2 adders
  A worm (D:3)
  2 dart slugs
  3 orcs (D:3)
  6 endoplasms
  3 giant cockroaches
  6 goblins
  3 hobgoblins
  7 jackals (D:2)
  2 quokkas
  7 ball pythons
  6 bats
  2 frilled lizards (D:1)
  4 kobolds (D:2)
  6 rats
61 creatures vanquished.

Notes
Turn   | Place    | Note
-------+----------+-------------------------------------------
     0 | D:1      | LeprechaunX the Octopode Shapeshifter began the quest for
                  | the Orb.
     0 | D:1      | Reached XP level 1. HP: 14/14 MP: 1/1
   123 | D:1      | Reached XP level 2. HP: 19/19 MP: 2/2
   310 | D:1      | Found a faded altar of an unknown god.
   395 | D:1      | Reached XP level 3. HP: 22/24 MP: 3/3
   421 | D:1      | Reached skill level 1 in Stealth
  1158 | D:2      | Reached XP level 4. HP: 29/29 MP: 4/4
  1572 | D:3      | Reached XP level 5. HP: 15/34 MP: 5/5
  1573 | D:3      | Slain by an orc wizard

Illustrated notes

Levels and vault maps discovered:
D:1:      dpeg_arrival_rooms_b, layout_loops_ring,
          chequers_ecumenical_altar_twisty
D:2:      layout_loops_ring, corexii_hall_statues_t
D:3:      layout_basic, mainiacjoe_overflow_tiny_flanked, minivault_14,
          uniq_crazy_yiuf_cottage, uniq_grinder, uniq_pargi, uniq_terence

Skill      XL: |  1  2  3  4 |
---------------+-------------+-----
Stealth        | 2 3 |  3.1
Unarmed Combat | 3 |  3.4
Fighting       | |  2.0
Dodging        | |  2.0
Shapeshifting  | |  3.7

Action                     |  1- 3 |  4- 6 || total
---------------------------+-------+-------++-------
  Melee: Unarmed           |    70 |    36 ||   106
         Constrict         |    19 |    10 ||    29
         Tentacles         |    14 |     6 ||    20
         Punch             |       |     1 ||     1
   Stab: Sleeping          |    12 |     4 ||    16
 Armour: Skin              |     5 |       ||     5
  Dodge: Dodged            |    40 |    21 ||    61

Table legend: (Time is in decaauts)
 A = Elapsed time spent in this place.
 B = Non-inter-level travel time spent in this place.
 C = Inter-level travel time spent in this place.
 D = Time resting spent in this place.
 E = Time spent auto-exploring this place.
 F = Levels seen in this place.
 G = Mean time per level.
                   A        B        C        D        E       F      G
               +--------+--------+--------+--------+--------+-----+--------+
         Total |   1567 |   1506 |     61 |      0 |   1180 |   3 |  522.3 |
       Dungeon |   1567 |   1506 |     61 |      0 |   1180 |   3 |  522.3 |
               +--------+--------+--------+--------+--------+-----+--------+

Top non-repeatable levels by time:
     D:1: 745 daAuts
     D:2: 688 daAuts
     D:3: 134 daAuts
